 Dungeon Crawl Stone Soup version 0.19-a0-45-g2c295ea (webtiles) character file.

693 jyri the Conjurer (level 7, -1/36 HPs)
             Began as a Deep Elf Conjurer on May 5, 2016.
             Slain by a gnoll
             ... wielding a +0 club
              (9 damage)
             ... on level 5 of the Dungeon.
             The game lasted 00:29:33 (6699 turns).

jyri the Conjurer (Deep Elf Conjurer)               Turns: 6699, Time: 00:29:34

Health: -1/36      AC:  5    Str:  5    XL:     7   Next: 37%
Magic:  0/15       EV: 13    Int: 22    God:
Gold:   201        SH:  0    Dex: 15    Spells: 4 memorised, 1 level left

rFire  . . .     SeeInvis .     a - +1 dagger (freeze)
rCold  . . .     Gourm    .     h - +0 robe
rNeg   . . .     Faith    .     (no shield)
rPois  .         Spirit   .     y - +2 hat
rElec  .         Dismiss  .     d - +0 cloak
rCorr  .         Reflect  .     (no gloves)
SustAt .         Harm     .     (no boots)
MR     .....                    (no amulet)
Stlth  ++........               (no ring)
                                (no ring)

@: very slightly contaminated, not resistant to hostile enchantments, unstealthy
A: no striking features
a: no special abilities


You were on level 5 of the Dungeon.
You were not hungry.

You visited 1 branch of the dungeon, and saw 5 of its levels.

You collected 201 gold pieces.

Inventory:

Hand Weapons
 a - a +1 dagger of freezing (weapon)
 b - a +0 blowgun
 i - a +0 hunting sling
Missiles
 g - 51 arrows
 j - 16 sling bullets
 s - 44 poisoned needles
 u - 105 stones
 z - a throwing net (quivered)
Armour
 d - a +0 cloak (worn)
 h - a +0 robe (worn)
 y - a +2 hat (worn)
Wands
 A - a wand of iceblast (5/15)
Scrolls
 l - 3 scrolls of amnesia {unknown}
 m - 3 scrolls of remove curse
 n - a scroll of enchant armour {unknown}
 o - a scroll of teleportation {unknown}
 p - 2 scrolls of immolation
 q - 2 scrolls of enchant weapon
 t - 2 scrolls of magic mapping {unknown}
 v - a scroll of random uselessness {unknown}
 x - a scroll of recharging {unknown}
 B - 3 scrolls of noise {unknown}
Potions
 e - 4 potions of flight
 k - 2 potions of magic {unknown}
 w - a potion of mutation {unknown}
Books
 r - a book of Conjurations

   Spells                             Type                      Level
   a - Magic Dart                     Conjuration                  1
   b - Searing Ray                    Conjuration                  2
   c - Dazzling Spray                 Conjuration/Hexes            3
   d - Fulminant Prism                Conjuration/Hexes            4
   e - Iskenderun's Mystic Blast      Conjuration                  4
   f - Iskenderun's Battlesphere      Conjuration/Charms           5
Comestibles
 c - 2 chunks of flesh
 f - a meat ration


   Skills:
 - Level 2.4 Dodging
 - Level 2.4 Stealth
 - Level 4.4 Spellcasting
 - Level 6.7 Conjurations
 - Level 5.6 Hexes
 + Level 5.6 Charms


You had one spell level left.
You knew the following spells:

 Your Spells              Type           Power        Failure   Level  Hunger
a - Magic Dart            Conj           ####         1%          1    None
b - Dazzling Spray        Conj/Hex       ####..       2%          3    ##.....
c - Fulminant Prism       Conj/Hex       ####......   12%         4    ####...
d - Iskenderun's Battles  Conj/Chrm      ####....     28%         5    ######.


Dungeon Overview and Level Annotations

Branches:
Dungeon (5/15)
 Temple: D:4-7

Altars:
Pakellas
Xom
The Shining One

Annotations:
D:3 Mefis's ghost, weakling DEWz


Message History

Anything else - Stay silent.
Okay, then.
What do you say? t - Shout!
Orders for allies: a - Attack new target. r - Retreat! s - Stop attacking. w - Wait here. f - Follow me.
Anything else - Stay silent.
Okay, then.
The gnoll hits you with a club.
* * * LOW HITPOINT WARNING * * *
Casting: Dazzling Spray
Confirm with . or Enter, or press ? or * to list all spells.
Aiming: Dazzling Spray
Press: ? - help, Shift-Dir - straight line, f - gnoll
Aim: a gnoll, wielding a club (lightly wounded)
The spray of energy hits the gnoll.
The gnoll is severely wounded.
The gnoll is dazzled.
The gnoll hits you with a club!
You die...

... .......$...c.........
#..#####.#...##.#...........
.##............#..#...........
...#..##.........###..........
#....#..........# ##.........
##............# ####......
..####....##.......# #$.....
...................#######......
.####<<.###...@g.......[.......
#....# ####รท...#######...(..
#.##.# ##............?... ...
#.. #...####### #.# ##.#
#...#### #.. .# #.)....## #.. .#
#(........ .. .. ##..>..###
#.....#


You could see a gnoll (blind).

Vanquished Creatures
  A phantom (D:4)
  2 scorpions
  5 crimson imps
  A centaur zombie (D:5)
  An orc priest (D:2)
  An orc wizard (D:3)
  2 worker ants (D:4)
  8 adders
  2 gnolls
  An adder skeleton (D:4)
  5 worms
  A dart slug (D:1)
  5 giant geckos
  5 orcs
  2 ball pythons
  8 bats
  4 giant cockroaches
  11 goblins
  9 hobgoblins
  3 quokkas
  5 giant newts
  8 kobolds
  2 quokka skeletons (D:4)
  10 rats
102 creatures vanquished.

Notes
Turn   | Place    | Note
--------------------------------------------------------------
     0 | D:1      | jyri the Deep Elf Conjurer began the quest for the Orb.
     0 | D:1      | Reached XP level 1. HP: 10/10 MP: 6/6
   150 | D:1      | Reached XP level 2. HP: 15/15 MP: 3/8
  1089 | D:1      | Reached XP level 3. HP: 16/19 MP: 5/10
  1143 | D:1      | Learned a level 3 spell: Dazzling Spray
  1336 | D:2      | Reached skill level 5 in Conjurations
  1706 | D:2      | Reached skill level 1 in Hexes
  1706 | D:2      | Reached XP level 4. HP: 24/24 MP: 7/12
  1788 | D:2      | Found a glowing golden altar of the Shining One.
  2244 | D:3      | Found an oddly glowing altar of Pakellas.
  2560 | D:3      | Noticed an orc warrior
  2760 | D:3      | Noticed Mefis's ghost (weakling DEWz)
  3460 | D:3      | Reached XP level 5. HP: 28/28 MP: 9/13
  3610 | D:4      | Found a shimmering altar of Xom.
  3765 | D:4      | Reached skill level 6 in Conjurations
  3854 | D:4      | Reached XP level 6. HP: 32/32 MP: 11/14
  3965 | D:4      | Reached skill level 5 in Hexes
  4111 | D:4      | Learned a level 4 spell: Fulminant Prism
  4117 | D:4      | Learned a level 5 spell: Iskenderun's Battlesphere
  4498 | D:4      | Reached skill level 1 in Charms
  5511 | D:4      | Reached XP level 7. HP: 31/36 MP: 12/15
  5838 | D:5      | Entered Level 5 of the Dungeon
  6316 | D:5      | Reached skill level 5 in Charms
  6699 | D:5      | Slain by a gnoll

Vault maps used:
D:1:      erik_arrival_triangle_small
D:2:      lemuel_round_altar
D:3:      lemuel_doored_altar, first_bread
D:4:      led_xom_imps, kennysheep_generic_room_2
D:5:      old_forge, nicolae_ossuary_entry_plus

Skill      XL: |  1  2  3  4  5  6  7 |
---------------+----------------------+-----
Spellcasting   | 4 |  4.4
Conjurations   | 5 6 |  6.7
Hexes          | 1 3 4 5 |  5.6
Charms         | 3 5 |  5.6
Dodging        | |  2.4
Stealth        | |  2.4

Action                   |  1- 3 |  4- 6 |  7- 9 || total
-------------------------+-------+-------+-------++-------
Melee: Dagger            |     9 |    34 |    14 ||    57
 Fire: Blowgun           |       |     9 |       ||     9
 Cast: Magic Dart        |    75 |   143 |    32 ||   250
       Dazzling Spray    |       |    10 |     8 ||    18
  Use: Scroll            |       |     4 |       ||     4
 Stab: Invisible         |       |     2 |     1 ||     3
  Eat: Chunk             |     2 |     6 |       ||     8
       Bread ration      |       |     2 |     1 ||     3
Armor: Robe              |     2 |    22 |     4 ||    28
Dodge: Dodged            |    11 |    57 |    23 ||    91
